AoeStats
← TroyMCclure6232

Yucatan

510430951Analyzed
4v4 RM · 2d ago on Oct 1, 2026· 81m 6s· 8 players
Game mode
Random Map
Map size
Large (8 player)
Population
200
Speed
Normal
Resources
Standard
Victory
Conquest
Starting age
Dark Age
Ending age
Imperial Age
RankedLock teamsTeams togetherTeam positionsShared explorationLock speedFull tech treeHidden civsTurbo modeCheats
Victory
Defeat
🇨🇴 Chinese · Colombia
948
+43
🇺🇸 Romans · United States
928
+17
🇺🇸 Spanish · United States
919
+17
🇨🇳 Goths · China
885
+18
🇨🇴 Ethiopians · Colombia
999
-19
🇦🇷 Vietnamese · Argentina
971
-31
🇵🇪 Slavs · Peru
923
-16
🇦🇷 Poles · Argentina
893
-15
Akranon
1:42 Loom
10:42 Feudal Age
14:46 Castle Age
14:18 Double-Bit Axe
14:29 Gold Mining
14:33 Stone Mining
16:35 Gold Shaft Mining
16:46 Wheelbarrow
20:03 Hand Cart
20:04 Horse Collar
21:22 Fervor
21:41 Heavy Plow
22:11 Bow Saw
23:20 Town Watch
26:02 Gold Shaft Mining
28:28 Ballistas
32:00 Imperial Age
29:42 Caravan
33:01 Ballistics
32:27 Heavy Scorpion
32:29 Man-at-Arms
33:10 Squires
33:22 Siege Engineers
34:19 Chemistry
33:21 Scale Mail Armor
33:32 Forging
34:13 Crop Rotation
33:12 Capped Ram
33:26 Long Swordsman
35:03 Devotion
35:03 Legionary
36:07 Conscription
36:06 Chain Mail Armor
36:27 Iron Casting
37:01 Siege Ram
38:07 Comitatenses
41:02 Blast Furnace
39:53 Fletching
40:41 Masonry
41:06 Coinage
42:30 Pikeman
43:45 Scale Barding Armor
43:36 Bodkin Arrow
44:14 Banking
45:53 Halberdier
47:48 Murder Holes
48:24 Architecture
49:03 Fortified Wall
48:44 Guard Tower
56:40 Keep
58:18 Elite Centurion
59:22 Chain Barding Armor
60:08 Husbandry
60:19 Bloodlines
60:48 Plate Barding Armor
61:28 Clinker Construction
64:38 Shipwright
69:23 Guilds
72:14 Padded Archer Armor
79:02 Leather Archer Armor
79:34 Sappers
高老头子
0:41 Loom
11:04 Feudal Age
14:17 Double-Bit Axe
17:21 Castle Age
16:34 Stone Mining
17:57 Fletching
19:31 Padded Archer Armor
19:10 Elite Skirmisher
20:11 Bow Saw
30:57 Squires
31:59 Anarchy
34:09 Wheelbarrow
33:58 Scale Mail Armor
35:06 Forging
35:26 Chain Mail Armor
36:28 Iron Casting
40:14 Imperial Age
38:08 Fishing Lines
39:17 Horse Collar
40:28 Elite Huskarl
42:18 Conscription
42:08 Heavy Plow
43:25 Chemistry
46:15 Blast Furnace
45:34 Hand Cart
46:17 Gillnets
47:21 Perfusion
48:04 Pikeman
48:42 Bodkin Arrow
49:02 Leather Archer Armor
48:21 Halberdier
49:39 Bracer
50:37 Caravan
54:31 Murder Holes
55:01 Ballistics
57:18 Ring Archer Armor
61:16 Two-Man Saw
63:14 Crop Rotation
74:26 Capped Ram
goldenboy54
6:46 Loom
12:36 Feudal Age
14:09 Double-Bit Axe
15:13 Wheelbarrow
19:35 Castle Age
18:32 Wheelbarrow
19:50 Horse Collar
20:10 Fletching
20:26 Scale Barding Armor
20:36 Bloodlines
21:15 Husbandry
22:26 Wheelbarrow
21:57 Fishing Lines
23:45 Chain Barding Armor
29:43 Pikeman
33:45 Gillnets
34:17 Heavy Plow
34:14 Gold Mining
34:20 Stone Mining
35:23 Hand Cart
40:42 Imperial Age
40:46 Light Cavalry
40:47 Cavalier
43:45 Plate Barding Armor
43:21 Forging
44:00 Elite Skirmisher
44:11 Paladin
46:52 Halberdier
47:18 Gambesons
47:34 Squires
49:17 Light Cavalry
52:27 Conscription
52:22 Hussar
54:20 Onager
57:40 Elite Conquistador
59:19 Masonry
69:43 Chemistry
69:12 Ballistics
68:50 Capped Ram
70:43 Siege Ram
80:10 Scale Mail Armor
80:46 Iron Casting
80:07 Bodkin Arrow
80:13 Padded Archer Armor
Anddr0idd
13:31 Feudal Age
12:51 Loom
14:05 Fishing Lines
14:35 Double-Bit Axe
15:28 Wheelbarrow
14:47 Gold Mining
22:04 Castle Age
20:01 Fletching
27:40 Bodkin Arrow
28:36 Gold Shaft Mining
28:31 Gillnets
30:39 Padded Archer Armor
32:55 Bow Saw
40:08 Hand Cart
45:20 Stone Mining
45:44 Thumb Ring
45:01 Crossbowman
50:28 Imperial Age
52:47 Bracer
53:03 Leather Archer Armor
53:45 Arbalester
59:33 Elite Chu Ko Nu
64:10 Ring Archer Armor
67:12 Town Watch
74:57 Chemistry
74:18 Ballistics
80:21 Stone Shaft Mining
79:52 Town Patrol
80:32 Murder Holes
TheCris
8:12 Loom
10:55 Feudal Age
16:00 Castle Age
14:39 Fletching
15:39 Double-Bit Axe
16:34 Crossbowman
20:30 Wheelbarrow
19:49 Gold Mining
20:59 Bodkin Arrow
23:19 Ballistics
23:39 Padded Archer Armor
29:27 Imperial Age
29:18 Bow Saw
32:45 Chemistry
31:27 Arbalester
32:33 Thumb Ring
35:45 Gold Shaft Mining
37:21 Caravan
37:24 Bracer
39:42 Two-Man Saw
39:59 Leather Archer Armor
41:18 Ring Archer Armor
44:09 Scale Mail Armor
43:32 Halberdier
44:12 Squires
45:42 Stone Mining
50:19 Siege Engineers
51:38 Coinage
51:49 Hand Cart
52:04 Conscription
57:41 Forging
57:56 Torsion Engines
58:45 Heavy Scorpion
59:35 Husbandry
58:58 Light Cavalry
60:25 Banking
60:22 Hussar
69:25 Iron Casting
69:05 Chain Mail Armor
72:51 Blast Furnace
72:22 Plate Mail Armor
76:48 Stone Shaft Mining
77:02 Scale Barding Armor
TroyMCclure6232
6:59 Loom
11:15 Feudal Age
13:45 Wheelbarrow
15:13 Double-Bit Axe
20:07 Castle Age
20:54 Bloodlines
20:59 Forging
20:55 Scale Barding Armor
21:13 Light Cavalry
22:54 Horse Collar
27:09 Husbandry
34:10 Imperial Age
32:52 Bow Saw
34:28 Iron Casting
37:41 Cavalier
38:50 Chain Barding Armor
44:34 Blast Furnace
49:15 Hand Cart
57:17 Squires
57:03 Arson
59:19 Gold Mining
59:19 Stone Mining
61:51 Town Watch
62:06 Winged Hussar
Zorrito del Sur
5:47 Loom
14:33 Feudal Age
15:04 Double-Bit Axe
15:01 Horse Collar
16:48 Wheelbarrow
16:23 Town Watch
20:02 Castle Age
19:09 Stone Mining
19:09 Gold Mining
20:47 Heavy Plow
21:00 Bow Saw
23:10 Gold Shaft Mining
24:31 Fishing Lines
27:13 Gillnets
28:38 Scale Barding Armor
28:45 Forging
29:13 Hand Cart
29:02 Town Patrol
29:55 Masonry
35:01 Fortified Wall
39:16 Imperial Age
37:24 Iron Casting
37:10 Chain Barding Armor
41:31 Crop Rotation
42:03 Two-Man Saw
42:37 Plate Barding Armor
43:03 Blast Furnace
41:53 Fletching
43:07 Chemistry
42:13 Siege Engineers
42:29 Ballistics
43:01 Caravan
44:28 Elite Boyar
45:29 Conscription
51:56 Coinage
51:01 Onager
52:55 Siege Onager
59:05 Devotion
60:15 Husbandry
60:25 Bloodlines
Ketari
7:33 Loom
10:59 Feudal Age
12:01 Double-Bit Axe
13:25 Gold Mining
13:48 Fletching
21:59 Castle Age
23:22 Bow Saw
24:51 Bodkin Arrow
27:02 Ballistics
27:51 Padded Archer Armor
35:15 Imperial Age
33:29 Wheelbarrow
33:26 Leather Archer Armor
37:25 Chemistry
36:52 Scale Barding Armor
38:24 Fortified Wall
38:57 Bracer
40:08 Two-Man Saw
42:02 Ring Archer Armor
41:54 Hand Cart
Connection lost

Rejoining the realm…

Still unreachable

The connection could not be restored.

Session expired

The server has moved on; the page needs a fresh start.